 Dungeon Crawl Stone Soup version 0.28-a0-390-gb254ac4902 (webtiles) character file.

Game seed: 8213206195708543512

60 Larwick the Conjurer (level 3, -3/19 HPs)
             Began as a Deep Elf Conjurer on Sept 3, 2021.
             Slain by a gnoll (10 damage)
             ... on level 2 of the Dungeon.
             The game lasted 00:07:10 (2036 turns).

Larwick the Conjurer (Deep Elf Conjurer)            Turns: 2036, Time: 00:07:10

Health: -3/19      AC:  2    Str:  4    XL:     3   Next: 82%
Magic:  1/10       EV: 16    Int: 23    God:
Gold:   28         SH:  0    Dex: 13    Spells: 5/9 levels left

rFire   . . .      SeeInvis .   m - +0 dagger
rCold   . . .      Faith    .   (no shield)
rNeg    . . .      Spirit   .   a - +0 robe
rPois   .          Reflect  .   (no helmet)
rElec   .          Harm     .   (no cloak)
rCorr   .          Rampage  .   (no gloves)
Will    .....                   (no boots)
Stlth   ++........              (no amulet)
HPRegen 0.06/turn               l - +4 ring of evasion
MPRegen 0.12/turn               (no ring)

@: no status effects
A: no striking features
a: no special abilities


You were on level 2 of the Dungeon.
You visited 1 branch of the dungeon, and saw 2 of its levels.

You collected 28 gold pieces.

Inventory:

Hand Weapons
 m - a +0 dagger (weapon)
Missiles
 d - 140 stones
 j - 5 curare-tipped darts
Armour
 a - a +0 robe (worn)
Jewellery
 l - a +4 ring of evasion (left hand)
Scrolls
 b - 2 scrolls of teleportation {unknown}
 c - a scroll of holy word {unknown}
 f - a scroll of noise {unknown}
 g - a scroll of enchant weapon {unknown}
 h - a scroll of silence {unknown}
 i - 2 scrolls of blinking {unknown}
 k - 2 scrolls of identify {unknown}
Potions
 e - a potion of magic {unknown}
 n - a potion of curing {unknown}
 o - a potion of lignification {unknown}


   Skills:
 + Level 0.1 Fighting
 + Level 0.2 Short Blades
 + Level 2.5 Dodging
 + Level 3.0 Stealth
 * Level 3.8 Spellcasting
 + Level 5.3 Conjurations


You had 5 spell levels left.
You knew the following spells:

 Your Spells              Type           Power      Damage    Failure   Level
a - Magic Dart            Conj           100%       1d8       1%          1
b - Searing Ray           Conj           58%        3d5       1%          2
c - Animate Skeleton      Necr           8%         N/A       11%         1

Your spell library contained the following spells:

 Spells                   Type           Power      Damage    Failure   Level
 Pain                     Necr           16%        1d4       11%         1
 Dazzling Flash           Conj/Hex       32%        N/A       11%         3
 Ensorcelled Hibernation  Hex/Ice        8%         N/A       16%         2
 Passwall                 Tmut/Erth      3%         N/A       16%         2
 Spider Form              Tmut/Pois      2%         N/A       32%         3
 Swiftness                Air            4%         N/A       32%         3
 Vampiric Draining        Necr           2%         2d6       32%         3
 Fulminant Prism          Conj/Hex       8%         3d7       34%         4
 Iskenderun's Mystic Bla  Conj/Tloc      16%        2d5       34%         4
 Invisibility             Hex            2%         N/A       100%        6


Dungeon Overview and Level Annotations

Branches:
Dungeon (2/15)

Altars:


Message History

Aim: a gnoll, wielding a +0 spear (severely wounded, 100% to hit)
The magic dart hits the gnoll.
The gnoll is almost dead.
A ball python comes into view.
Aiming: Magic Dart (safe; 1% risk of failure)
Press: ? - help, Q - select action, (/) - cycle Shift-Dir - straight line, f/p - gnoll
Aim: a gnoll, wielding a +0 spear (almost dead, 100% to hit)
The magic dart hits the gnoll but does no damage.
The gnoll is almost dead.
The ball python hisses angrily.
Aiming: Magic Dart (safe; 1% risk of failure)
Press: ? - help, Q - select action, (/) - cycle Shift-Dir - straight line, f/p - gnoll
Aim: a gnoll, wielding a +0 spear (almost dead, 100% to hit)
The magic dart hits the gnoll.
You kill the gnoll!
Aiming: Searing Ray (safe; 1% risk of failure)
Press: ? - help, Q - select action, (/) - cycle Shift-Dir - straight line, f - ball python
Aim: a ball python (77% to hit)
The searing ray hits the gnoll!
The gnoll is severely wounded.
The searing ray hits the gnoll!
The gnoll is severely wounded.
The searing ray hits the ball python!
You kill the ball python! (Press . to maintain the ray.)
The gnoll hits you from afar with a +0 spear.
The searing ray hits the gnoll!
You kill the gnoll!
The searing ray hits the frilled lizard!
You kill the frilled lizard!
The gnoll hits you with a +1 flail of holy wrath!
Your Stealth skill increases to level 3!
Casting: Animate Skeleton (safe; 11% risk of failure)
Press: ? - help, Q - select action, (/) - cycle Dir - look around, f - activate You attempt to give life to the dead...
Before your eyes, flesh is ripped from the corpse!
The dead are walking!
The gnoll hits you with a +1 flail of holy wrath!
Ouch! That really hurt!
You die...

..........# #######
.....$....# #...†..
.....)....# #......
.......$..# #......
.......†..# #.....†
...####...# #......
#Z..# ####### #...#
#@g># #...#
######...##########
.........^........#
#################.#
#.# #.##### #......
#......


You could see a gnoll (ally target) and a friendly gnoll skeleton.

Vanquished Creatures
  2 gnolls (D:2)
  4 bats
  5 endoplasms
  A giant cockroach (D:1)
  6 hobgoblins
  2 jackals (D:1)
  A quokka (D:2)
  6 ball pythons
  4 frilled lizards
  4 goblins (D:1)
  5 kobolds (D:1)
  A rat (D:2)
41 creatures vanquished.

Notes
Turn   | Place    | Note
-------+----------+-------------------------------------------
     0 | D:1      | Larwick the Deep Elf Conjurer began the quest for the Orb.
     0 | D:1      | Reached XP level 1. HP: 10/10 MP: 6/6
   352 | D:1      | Reached XP level 2. HP: 15/15 MP: 2/8
   821 | D:1      | Reached skill level 5 in Conjurations
   975 | D:1      | You fall into a shaft and drop 1 floor!
  1044 | D:1      | Learned a level 2 spell: Searing Ray
  1128 | D:1      | Learned a level 1 spell: Animate Skeleton
  1276 | D:1      | Reached XP level 3. HP: 19/19 MP: 6/9
  1308 | D:1      | Found a faded altar of an unknown god.
  2036 | D:2      | Slain by a gnoll

Illustrated notes

Levels and vault maps discovered:
D:1:      dpeg_arrival_morbid_curiosity, layout_basic,
          shapermc_ecumenical_altar_mp_urbaneastern, minmay_pentomino_s4
D:2:      layout_basic, basic_altar, minmay_goblin_kobold_house

Skill      XL: |  1  2  3 |
---------------+----------+-----
Conjurations   | 5 |  5.3
Stealth        | 3 |  3.0
Fighting       | |  0.1
Short Blades   | |  0.2
Dodging        | |  2.5
Spellcasting   | |  3.8

Action                   || total
-------------------------++-------
Melee: Unarmed           ||     4
       Short sword       ||     9
 Cast: Magic Dart        ||    73
       Animate Skeleton  ||     1
       Searing Ray       ||     1
 Stab: Sleeping          ||     1
Armor: Robe              ||     7
Dodge: Dodged            ||    19

Table legend: (Time is in decaauts)
 A = Elapsed time spent in this place.
 B = Non-inter-level travel time spent in this place.
 C = Inter-level travel time spent in this place.
 D = Time resting spent in this place.
 E = Time spent auto-exploring this place.
 F = Levels seen in this place.
 G = Mean time per level.
                   A        B        C        D        E       F      G
               +--------+--------+--------+--------+--------+-----+--------+
         Total |   2035 |   1985 |     50 |    231 |   1355 |   2 | 1017.5 |
       Dungeon |   2035 |   1985 |     50 |    231 |   1355 |   2 | 1017.5 |
               +--------+--------+--------+--------+--------+-----+--------+

Top non-repeatable levels by time:
     D:1: 1452 daAuts
     D:2: 583 daAuts
